AoeStats
← eessddzz

Arena

506695061Analyzed
1v1 RM · 17d ago on Sep 14, 2026· 75m 39s· 2 players
Game mode
Random Map
Map size
Tiny (2 player)
Population
200
Speed
Normal
Resources
Standard
Victory
Conquest
Starting age
Dark Age
Ending age
Imperial Age
RankedLock teamsTeams togetherTeam positionsShared explorationLock speedFull tech treeHidden civsTurbo modeCheats
Victory
Defeat
🇭🇺 Cumans · Hungary
1279
+15
🇳🇱 Bohemians · Netherlands
1250
-15
eessddzz
3:46 Loom
5:25 Loom
10:33 Feudal Age
11:44 Loom
14:17 Castle Age
12:35 Double-Bit Axe
13:25 Horse Collar
15:26 Bow Saw
16:13 Heavy Plow
23:40 Wheelbarrow
24:52 Town Watch
29:37 Imperial Age
27:30 Scale Mail Armor
29:08 Chemistry
27:39 Pikeman
28:39 Fervor
29:08 Hand Cart
29:19 Chain Mail Armor
29:15 Squires
29:40 Halberdier
31:29 Plate Mail Armor
31:09 Forging
31:53 Conscription
31:54 Siege Engineers
33:37 Two-Man Saw
33:57 Ballistics
33:48 Masonry
33:18 Treadmill Crane
33:18 Houfnice
35:09 Iron Casting
35:10 Town Patrol
36:49 Blast Furnace
35:41 Fletching
36:14 Sanctity
36:28 Arson
38:50 Bodkin Arrow
39:33 Hussite Reforms
39:35 Wagenburg Tactics
41:20 Bracer
42:19 Architecture
58:31 Hussite Reforms
59:16 Block Printing
59:13 Redemption
59:29 Illumination
59:40 Theocracy
59:06 Atonement
64:33 Elite Skirmisher
65:27 Padded Archer Armor
65:41 Fortified Wall
66:43 Leather Archer Armor
68:40 Ring Archer Armor
SamSquanch
8:49 Feudal Age
9:27 Double-Bit Axe
9:24 Horse Collar
15:29 Wheelbarrow
15:37 Wheelbarrow
18:17 Bloodlines
19:54 Scale Barding Armor
19:59 Forging
20:13 Gold Mining
23:35 Castle Age
23:48 Light Cavalry
24:40 Bow Saw
24:31 Heavy Plow
24:49 Hand Cart
25:11 Iron Casting
24:56 Chain Barding Armor
25:31 Loom
25:32 Town Watch
26:37 Chain Barding Armor
27:05 Gold Shaft Mining
27:14 Town Patrol
27:25 Stone Mining
30:36 Imperial Age
28:57 Fletching
29:07 Padded Archer Armor
29:32 Ballistics
29:54 Bodkin Arrow
30:07 Thumb Ring
31:22 Leather Archer Armor
32:12 Parthian Tactics
32:53 Chemistry
31:56 Cuman Mercenaries
33:19 Two-Man Saw
34:03 Hoardings
34:29 Conscription
33:55 Elite Kipchak
35:21 Crop Rotation
35:35 Ring Archer Armor
35:36 Steppe Husbandry
36:40 Blast Furnace
37:08 Plate Barding Armor
36:11 Hussar
69:25 Capped Ram
70:28 Siege Ram
Connection lost

Rejoining the realm…

Still unreachable

The connection could not be restored.

Session expired

The server has moved on; the page needs a fresh start.